 Dungeon Crawl Stone Soup version 0.27-a0-1529-g1e82c303ef (webtiles) character file.

Game seed: 7367749134000353434

40 gruber the Skirmisher (level 3, -3/34 HPs)
             Began as a Minotaur Hunter on July 12, 2021.
             Slain by a phantom (6 damage)
             ... on level 2 of the Dungeon.
             The game lasted 00:01:41 (1560 turns).

gruber the Skirmisher (Minotaur Hunter)             Turns: 1560, Time: 00:01:42

Health: -3/34      AC:  3    Str: 17    XL:     3   Next: 30%
Magic:  2/2        EV: 11    Int:  8    God:
Gold:   46         SH:  3    Dex: 10    Spells: 2/2 levels left

rFire    . . .     SeeInvis .   a - +1 hand crossbow
rCold    . . .     Faith    .   j - +0 buckler
rNeg     . . .     Spirit   .   c - +0 leather armour
rPois    .         Reflect  .   (helmet restricted)
rElec    .         Harm     .   (no cloak)
rCorr    .         Rampage  .   (no gloves)
Will     .....                  (no boots)
Stlth    +.........             (no amulet)
HPRegen  0.11/turn              (no ring)
MPRegen  0.08/turn              (no ring)

@: no status effects
A: horns 2, retaliatory headbutt
a: no special abilities


You were on level 2 of the Dungeon.
You visited 1 branch of the dungeon, and saw 2 of its levels.

You collected 46 gold pieces.

Inventory:

Hand Weapons
 a - a +1 hand crossbow (weapon)
 b - a +0 short sword
Missiles
 d - 17 bolts (quivered ammo)
Armour
 c - a +0 leather armour (worn)
 j - a +0 buckler (worn)
Jewellery
 e - a ring of protection from fire
Scrolls
 f - a scroll of torment {unknown}
 i - a scroll of fog {unknown}
 k - a scroll of teleportation {unknown}
Potions
 g - a potion of cancellation {unknown}
 h - a potion of curing {unknown}


   Skills:
 * Level 4.6 Fighting
 - Level 4.3 Crossbows
 - Level 2.1 Dodging
 - Level 0.7 Stealth


You had 2 spell levels left.
You didn't know any spells.
Your spell library contained the following spells:

 Spells                   Type           Power      Damage    Failure   Level
 Corpse Rot               Necr/Air       N/A        N/A       80%         2
 Gell's Gravitas          Tloc           0%         N/A       95%         3
 Lesser Beckoning         Tloc           0%         N/A       95%         3
 Teleport Other           Tloc           0%         N/A       95%         3
 Dispel Undead            Necr           0%         3d6       100%        4
 Death Channel            Necr           0%         N/A       100%        6


Dungeon Overview and Level Annotations

Branches:
Dungeon (2/15)

Altars:
Nemelex Xobeh

Shops:
D:1 ?


Innate Abilities, Weirdness & Mutations

You have a pair of horns on your head.
You reflexively headbutt those who attack you in melee.


Message History

The phantom hits you!
The phantom blinks!
You blink.
You are too injured to fight recklessly!
You are too injured to fight recklessly!
You are too injured to fight recklessly!
You are too injured to fight recklessly!
You are too injured to fight recklessly!
You are too injured to fight recklessly!
You are too injured to fight recklessly!
You are too injured to fight recklessly!
You are too injured to fight recklessly!
You are too injured to fight recklessly!
You are too injured to fight recklessly!
You are too injured to fight recklessly!
You are too injured to fight recklessly!
You are too injured to fight recklessly!
You are too injured to fight recklessly!
You are too injured to fight recklessly!
You are too injured to fight recklessly!
You are too injured to fight recklessly!
a - a +1 hand crossbow (weapon)
The phantom hits you.
The phantom blinks!
You blink.
Fire: 20 bolts
Press: ? - help, Q - select action Shift-Dir - straight line, f - phantom
Aim: a phantom (lightly damaged, 56% to hit)
You shoot a bolt. The bolt barely misses the phantom.
The phantom completely misses you. You furiously retaliate!
You headbutt the phantom, but do no damage.
Fire: 19 bolts
Press: ? - help, Q - select action Shift-Dir - straight line, f/p - phantom
Aim: a phantom (lightly damaged, 56% to hit)
You shoot a bolt. The bolt closely misses the phantom.
The phantom hits you!
* * * LOW HITPOINT WARNING * * *
Fire: 18 bolts
Press: ? - help, Q - select action Shift-Dir - straight line, f/p - phantom
Aim: a phantom (lightly damaged, 56% to hit)
You shoot a bolt. The bolt closely misses the phantom.
The phantom barely misses you. You furiously retaliate!
You headbutt the phantom! The phantom hits you.
You die...

#...........##.####...#.. ...
#.....................#.#....
......................#'#....
.............................
.............................
.............................
####.......##................
#.......##...........#....
#.......##...@..##.### .
#.......##....W.##.#
#.......##.....(...#
####################


You could see a phantom.

Vanquished Creatures
  An adder (D:2)
  4 endoplasms (D:1)
  A goblin (D:1)
  4 hobgoblins
  6 jackals (D:1)
  A kobold (D:1)
  A quokka (D:1)
  A bat (D:2)
  5 frilled lizards (D:1)
  4 rats
28 creatures vanquished.

Vanquished Creatures (others)
  A plant (D:1)
1 creature vanquished.

Grand Total: 29 creatures vanquished

Notes
Turn   | Place    | Note
-------+----------+-------------------------------------------
     0 | D:1      | gruber the Minotaur Hunter began the quest for the Orb.
     0 | D:1      | Reached XP level 1. HP: 18/18 MP: 0/0
   342 | D:1      | Reached XP level 2. HP: 24/26 MP: 1/1
   901 | D:1      | Found Udoywac's Magic Scroll Boutique.
  1068 | D:1      | Found a faded altar of an unknown god.
  1213 | D:2      | Found a sparkling altar of Nemelex Xobeh.
  1223 | D:2      | Reached XP level 3. HP: 17/34 MP: 2/2
  1547 | D:2      | Noticed a phantom
  1560 | D:2      | Slain by a phantom

Illustrated notes

Levels and vault maps discovered:
D:1:      sevenhm_arrival_forest_fort_small_5, layout_basic, serial_forest,
          infiniplex_forest_straight_3, infiniplex_forest_lined_ring,
          infiniplex_forest_side_room, infiniplex_forest_clump_curved,
          infiniplex_forest_straight_4, serial_shops, nicolae_diamond_shop,
          chequers_ecumenical_altar_simple_redux, grunt_decor_resistance
D:2:      layout_basic, basic_altar

Skill      XL: |  1  2 |
---------------+-------+-----
Fighting       | 3 4 |  4.6
Crossbows      | |  4.3
Dodging        | |  2.1
Stealth        | |  0.7

Action                   || total
-------------------------++-------
Melee: Short sword       ||    84
       Headbutt          ||    14
 Fire: Hand crossbow     ||     3
Armor: Leather armour    ||    17
Dodge: Dodged            ||    50

Table legend: (Time is in decaauts)
 A = Elapsed time spent in this place.
 B = Non-inter-level travel time spent in this place.
 C = Inter-level travel time spent in this place.
 D = Time resting spent in this place.
 E = Time spent auto-exploring this place.
 F = Levels seen in this place.
 G = Mean time per level.
                   A        B        C        D        E       F      G
               +--------+--------+--------+--------+--------+-----+--------+
         Total |   1572 |   1547 |     25 |     91 |   1227 |   2 |  786.0 |
       Dungeon |   1572 |   1547 |     25 |     91 |   1227 |   2 |  786.0 |
               +--------+--------+--------+--------+--------+-----+--------+

Top non-repeatable levels by time:
     D:1: 1212 daAuts
     D:2: 360 daAuts
